 Dungeon Crawl Stone Soup version 0.27-a0-291-gd9602db6ee (webtiles) character file.

Game seed: 3192190870200539471

2515 Nattfarinn the Arsonist (level 9, -2/45 HPs)
             Began as a Deep Elf Fire Elementalist on Feb 9, 2021.
             Was a Follower of Sif Muna.
             Slain by a troll (18 damage)
             ... on level 8 of the Dungeon.
             The game lasted 00:22:05 (9143 turns).

Nattfarinn the Arsonist (DEFE)                      Turns: 9143, Time: 00:22:05

Health: -2/45      AC:  9    Str:  5    XL:     9   Next: 29%
Magic:  14/21      EV: 14    Int: 24    God:    Sif Muna [*.....]
Gold:   204        SH:  0    Dex: 15    Spells: 17/21 levels left

rFire    . . .     SeeInvis .   t - +2 short sword (protect)
rCold    . . .     Faith    +   (no shield)
rNeg     . . .     Spirit   .   i - +1 leather armour of Indemnity {rElec Slay+2}
rPois    .         Reflect  .   n - +0 helmet
rElec    +         Harm     .   u - +2 cloak {Will+}
rCorr    .         Rampage  .   (no gloves)
Will     +....                  x - +0 pair of boots
Stlth    ++........             p - amulet of faith
HPRegen  0.15/turn              c - ring of flight
MPRegen  0.17/turn              (no ring)

@: no status effects
A: no striking features
a: Renounce Religion, Evoke Flight, Channel Magic


You were on level 8 of the Dungeon.
You worshipped Sif Muna.
Sif Muna was aware of your devotion.
You visited 2 branches of the dungeon, and saw 9 of its levels.

You collected 428 gold pieces.
You spent 224 gold pieces at shops.

Inventory:

Hand Weapons
 o - a +1 falchion of freezing
 t - a +2 short sword of protection (weapon)
 z - a +2 quarterstaff of speed
Missiles
 f - 28 poisoned darts
Armour
 a - a +1 robe
 i - the +1 leather armour of Indemnity (worn) {rElec Slay+2}
   (You bought it in a shop on level 6 of the Dungeon)

   It affects your accuracy and damage with ranged weapons and melee attacks
   (+2).
   It insulates you from electricity.
 n - a +0 helmet (worn)
 u - a +2 cloak of willpower (worn)
 x - a +0 pair of boots (worn)
Jewellery
 c - a ring of flight (left hand)
 p - an amulet of faith (around neck)
 v - an uncursed ring of see invisible {unknown}
Wands
 s - a wand of charming (9)
 y - a wand of iceblast (6)
Scrolls
 b - 6 scrolls of remove curse {unknown}
 d - a scroll of enchant armour
 g - 6 scrolls of identify
 j - 2 scrolls of teleportation
 m - 2 scrolls of amnesia {unknown}
Potions
 e - 2 potions of might
 h - 2 potions of heal wounds
 l - 3 potions of haste
 q - a potion of berserk rage {unknown}
 r - 3 potions of curing {unknown}
 w - a potion of mutation {unknown}


   Skills:
 - Level 6.0 Dodging
 - Level 2.4 Stealth
 - Level 6.8 Spellcasting
 * Level 7.5 Conjurations
 + Level 9.6 Fire Magic


You had 17 spell levels left.
You knew the following spells:

 Your Spells              Type           Power        Failure   Level
a - Foxfire               Conj/Fire      100%         1%          1
b - Conjure Flame         Conj/Fire      49%          1%          3

Your spell library contained the following spells:

 Spells                   Type           Power        Failure   Level
 Magic Dart               Conj           100%         1%          1
 Sticky Flame             Conj/Fire      49%          3%          4
 Inner Flame              Hex/Fire       31%          4%          3
 Fireball                 Conj/Fire      24%          10%         5
 Mephitic Cloud           Conj/Pois/Air  20%          13%         3
 Blink                    Tloc           N/A          19%         2
 Call Imp                 Summ           8%           19%         2
 Slow                     Hex            8%           19%         2


Dungeon Overview and Level Annotations

Branches:
Dungeon (8/15)             Temple (1/1) D:6
   Lair: D:8-11

Altars:
Ashenzari
Cheibriados
Dithmenos
Elyvilon
Fedhas
Gozag
Hepliaklqana
Kikubaaqudgha
Makhleb
Okawaru
Qazlal
Ru
Sif Muna
Trog
Uskayaw
Vehumet
Wu Jian
Yredelemnul
Zin
The Shining One

Shops:
D:6 ([

Portals:
Abyss: D:8

Annotations:
D:2 Sigmund
D:8 1 transporter, Beaer's ghost, novice VSBr


Message History

The troll is heavily wounded.
The foxfire hits the troll.
The troll is heavily wounded.
The troll bites you!
The troll claws you but does no damage. x2
Casting: Foxfire (safe; 1% risk of failure)
Confirm with . or Enter, or press ? or * to list all spells.
You conjure some foxfire!
The foxfire hits the troll.
The troll is heavily wounded.
The foxfire hits the troll but does no damage.
The troll is heavily wounded.
The troll bites you but does no damage. The troll claws you.
The troll closely misses you.
Casting: Foxfire (safe; 1% risk of failure)
Confirm with . or Enter, or press ? or * to list all spells.
You conjure some foxfire!
The foxfire hits the troll.
The troll is severely wounded.
The foxfire hits the troll.
The troll is severely wounded.
The troll bites you!!
You die...

*####........#*,,,**,,*
####........#*,,,**,,*
#...........#*,,,,,,,*
#.##.##..####***,*****
##.#......# *,*
#.....##.#####***,*
****
#..#.###......,,*,*
,,,******
#..#.###...#***,*,*
,,,**,,,*
#.....@v.#,#,,,,,,* ***
,,,,,,*,*
#.....Tv.#,,,**,*** *,,
*,***,,,*
##.#...###**,,,,* **,*
,,* **,**
#.###...#,,>**** **,,,
*,* *,****#..,....#,***
**,*** *,*
*,,,,*#######...* *,**
* ,,* ****,* *...# *,*
** ,** *,*
*...#******,***, ,,*
*,* *,....,,,,**,**,


You could see a troll.

Vanquished Creatures
  Grinder (D:6)
  Eustachio (D:5)
  2 ice beasts
  3 sky beasts
  A black bear (D:7)
  2 centaurs
  An ogre (D:5)
  A phantom (D:6)
  A bullfrog (D:6)
  4 scorpions
  A wight (D:8)
  A howler monkey (D:5)
  2 centaur skeletons
  2 hounds
  3 orc priests
  A bullfrog skeleton (D:6)
  A gnoll shaman (D:7)
  Terence (D:2)
  10 worker ants
  6 orc wizards
  A hound zombie (D:6)
  2 worker ant zombies
  Robin (D:4)
  7 gnolls (D:7)
  A howler monkey skeleton (D:4)
  8 adders
  2 shadow imps
  A white imp (D:6)
  An adder skeleton (D:5)
  A worm (D:7)
  4 dart slugs
  4 leopard geckos
  10 orcs
  4 bats
  5 giant cockroaches
  17 goblins
  7 hobgoblins
  5 jackals
  A quokka (D:3)
  2 ball pythons
  7 frilled lizards
  5 kobolds
  A leopard gecko skeleton (D:4)
  2 quokka skeletons
  A quokka zombie (D:5)
  10 rats
155 creatures vanquished.

Vanquished Creatures (collateral kills)
  A foxfire (D:5)
1 creature vanquished.

Vanquished Creatures (others)
  664 foxfires
  A plant (D:6)
665 creatures vanquished.

Grand Total: 821 creatures vanquished

Notes
Turn   | Place    | Note
-------+----------+-------------------------------------------
     0 | D:1      | Nattfarinn the Deep Elf Fire Elementalist began the quest
                  | for the Orb.
     0 | D:1      | Reached XP level 1. HP: 10/10 MP: 6/6
   272 | D:1      | Reached XP level 2. HP: 15/15 MP: 4/8
   976 | D:2      | Noticed Terence
  1169 | D:2      | Reached skill level 4 in Fire Magic
  1169 | D:2      | Reached XP level 3. HP: 16/19 MP: 8/10
  1520 | D:2      | Noticed Sigmund
  1526 | D:2      | Learned a level 3 spell: Conjure Flame
  1576 | D:2      | Killed Terence
  1577 | D:2      | Reached XP level 4. HP: 20/24 MP: 0/11
  1946 | D:3      | Reached skill level 5 in Fire Magic
  1946 | D:3      | Reached XP level 5. HP: 3/28 MP: 3/13
  2706 | D:3      | Found a blossoming altar of Fedhas.
  2822 | D:3      | Noticed a centaur
  2833 | D:3      | Killed a centaur
  3453 | D:4      | Reached skill level 5 in Spellcasting
  3453 | D:4      | Reached XP level 6. HP: 32/32 MP: 11/15
  3490 | D:4      | Reached skill level 6 in Fire Magic
  3939 | D:4      | Noticed Robin
  3945 | D:4      | Killed Robin
  4610 | D:5      | Entered Level 5 of the Dungeon
  4637 | D:5      | Reached skill level 5 in Dodging
  4637 | D:5      | Reached XP level 7. HP: 36/36 MP: 13/17
  4789 | D:5      | Reached skill level 7 in Fire Magic
  5725 | D:5      | Noticed Eustachio
  5745 | D:5      | Killed Eustachio
  6332 | D:5      | Reached skill level 8 in Fire Magic
  6332 | D:5      | Reached XP level 8. HP: 41/41 MP: 13/20
  7078 | D:6      | Found a staircase to the Ecumenical Temple.
  7088 | Temple   | Entered the Ecumenical Temple
  7095 | Temple   | Became a worshipper of Sif Muna the Loreminder
  7112 | D:6      | Found Ipteutho's Hydra Hut.
  7114 | D:6      | Noticed a six-headed hydra
  7135 | D:6      | Found Cofusuyp's Antique Armour Boutique.
  7137 | D:6      | Noticed Grinder
  7159 | D:6      | Killed Grinder
  7164 | D:6      | Reached skill level 5 in Conjurations
  7393 | D:6      | Reached skill level 9 in Fire Magic
  7467 | D:6      | Bought an ancient leather armour for 224 gold pieces
  7477 | D:6      | Identified the +1 leather armour of Indemnity {rElec
                  | Slay+2} (You bought it in a shop on level 6 of the Dungeon)
  7837 | D:7      | Reached XP level 9. HP: 31/45 MP: 16/21
  8035 | D:7      | Reached * piety under Sif Muna
  8215 | D:7      | Found a hide-covered altar of Uskayaw.
  8716 | D:7      | Noticed a moth of wrath
  8720 | D:7      | Found a bloodstained altar of Trog.
  8863 | D:8      | Found a one-way gate to the infinite horrors of the Abyss.
  8863 | D:8      | Noticed Beaer's ghost (novice VSBr)
  8872 | D:8      | Noticed a rakshasa
  8872 | D:8      | Identified the +9 spear of Icoll {distort, rF+ Dex+5}
  8880 | D:8      | Found a transporter.
  8885 | D:8      | Noticed a toenail golem
  8892 | D:8      | Noticed a two-headed ogre
  9134 | D:8      | Noticed a troll
  9143 | D:8      | Slain by a troll

Illustrated notes

Levels and vault maps discovered:
D:1:      enne_arrival_octagon_isle, layout_basic, serial_forest,
          infiniplex_forest_clump_curved, infiniplex_forest_lined_room_2,
          infiniplex_forest_clump_small, infiniplex_forest_end_2,
          bh_walls_and_bars
D:2:      layout_loops_cross, marbit_many_paths, serial_glass, glass_columns_c,
          glass_columns_c, chequers_arboretum, uniq_terence, uniq_sigmund
D:3:      layout_basic, general_overflow_altar, nrook_mini_backslash
D:4:      layout_cave_pods, uniq_robin
D:5:      layout_basic, minmay_puff, uniq_eustachio
D:6:      layout_rooms, minmay_temple_entry_junction, serial_shops, shop,
          doesnt_shop_hydraphobe, uniq_grinder
D:7:      layout_cave_pools, lemuel_crystal_altar, kennysheep_flooded_box,
          tgw_trog
D:8:      layout_loops_cross, kennysheep_little_box, serial_shops,
          kennysheep_mini, nicolae_shop_window_shopping,
          gammafunk_ghost_abyssal_escape, nicolae_ossuary_entry_ruins
Temple:   nicolae_temple_no_exploring_needed

Skill      XL: |  1  2  3  4  5  6  7  8  9 |
---------------+----------------------------+-----
Dodging        | 3 4 5 6 |  6.0
Fire Magic     | 4 5 6 8 9 |  9.6
Spellcasting   | 4 5 6 |  6.8
Conjurations   | 6 7 |  7.5
Stealth        | |  2.4

Action                   |  1- 3 |  4- 6 |  7- 9 || total
-------------------------+-------+-------+-------++-------
Melee: Unarmed           |       |    19 |       ||    19
       Falchion          |       |       |     2 ||     2
       Short sword       |       |       |     1 ||     1
 Cast: Foxfire           |    49 |   115 |   247 ||   411
       Conjure Flame     |     1 |       |       ||     1
  Use: Scroll            |     5 |     1 |     3 ||     9
       Potion            |     1 |     2 |       ||     3
 Stab: Sleeping          |       |       |     1 ||     1
Armor: Skin              |       |    17 |       ||    17
       Robe              |       |     5 |     7 ||    12
       Leather armour    |       |       |     8 ||     8
Dodge: Dodged            |    11 |    24 |    52 ||    87
       Rpst.: Falchion   |       |       |     3 ||     3

Table legend: (Time is in decaauts)
 A = Elapsed time spent in this place.
 B = Non-inter-level travel time spent in this place.
 C = Inter-level travel time spent in this place.
 D = Time resting spent in this place.
 E = Time spent auto-exploring this place.
 F = Levels seen in this place.
 G = Mean time per level.
                   A        B        C        D        E       F      G
               +--------+--------+--------+--------+--------+-----+--------+
         Total |   9144 |   8828 |    316 |   2356 |   5217 |   9 | 1016.0 |
       Dungeon |   8944 |   8641 |    303 |   2173 |   5217 |   8 | 1118.0 |
        Temple |    200 |    187 |     13 |    183 |      0 |   1 |  200.0 |
               +--------+--------+--------+--------+--------+-----+--------+

Top non-repeatable levels by time:
     D:5: 1795 daAuts
     D:4: 1710 daAuts
     D:3: 1526 daAuts
     D:7: 1233 daAuts
     D:1: 939 daAuts
     D:2: 856 daAuts
     D:6: 763 daAuts
  Temple: 200 daAuts
     D:8: 118 daAuts
